[Event "Titled Tuesday Blitz October 31 Late 2023"]
[White "ArtemDyachuk"]
[Black "Rustemov, Alexander"]
[BlackFideId "4119002"]
[WhiteElo "2643"]
[BlackElo "2862"]
[Result "0-1"]
[Round "6"]
[TimeControl "180+1"]
[Date "2023.10.31"]
[WhiteClock "0:00:07"]
[BlackClock "0:00:26"]
[Board "27"]

1. e4 e6 2. d4 d5 3. Nc3 dxe4 4. Nxe4 Bd7 5. Nf3 Bc6 6. Ng3 Nd7 7. Bd3 Ngf6 8. O-O Be7 9. Qe2 Bxf3 10. Qxf3 c6 11. c3 O-O 12. Re1 Re8 13. Bd2 Qb6 14. Rab1 Rad8 15. Ne4 Qa5 16. a3 Qh5 17. Qg3 Nxe4 18. Rxe4 Nf6 19. Rh4 Qd5 20. Bh6 g6 21. Bg5 c5 22. c4 Qc6 23. dxc5 Qxc5 24. Be3 Qc6 25. Rd4 Rxd4 26. Bxd4 Rd8 27. Bc3 Ne4 28. Bxe4 Qxe4 29. Re1 Qxc4 30. Qe5 f6 31. Qxe6+ Qxe6 32. Rxe6 Rd1+ 33. Re1 Rxe1+ 34. Bxe1 Kf7 35. Kf1 Ke6 36. Ke2 Kd5 37. Kd3 b5 38. Bc3 f5 39. f4 Bd6 40. g3 Bc5 41. Be1 a6 42. h3 h6 43. g4 Bd6 44. gxf5 gxf5 45. Bg3 a5 46. Bh2 a4 47. Bg3 Bc7 48. Bh2 Bb6 49. Bg3 Bd4 50. Kc2 Ke4 51. b3 Kf3 52. Be1 h5 53. bxa4 bxa4 54. Kd3 Bb2 55. Bb4 Kxf4 56. Kc4 Kg3 57. Kb5 f4 58. Bd6 Bxa3 59. Bxa3 f3 60. Bc5 f2 61. Bxf2+ Kxf2 62. Kxa4 Kg3 63. Kb3 Kxh3 64. Kc3 Kg2 65. Kd3 h4 0-1


[Site "https://www.chess.com"]

[Event "Titled Tuesday Blitz October 31 Late 2023"]
[White "Zeynalli, Rashad"]
[Black "Alexandre, Anne Shopie Elizabeth"]
[WhiteFideId "13403320"]
[BlackFideId "11902418"]
[WhiteElo "2638"]
[BlackElo "2842"]
[Result "0-1"]
[Round "6"]
[TimeControl "180+1"]
[Date "2023.10.31"]
[WhiteClock "0:00:05"]
[BlackClock "0:00:53"]
[Board "28"]

1. e4 c5 2. Nf3 d6 3. d4 cxd4 4. Nxd4 Nf6 5. Nc3 a6 6. Be3 Ng4 7. Bc1 Nf6 8. Be3 e5 9. Nb3 Be6 10. h3 Nbd7 11. Qf3 Rc8 12. g4 h6 13. Bd3 Be7 14. Nd5 Bxd5 15. exd5 Nb6 16. Bxb6 Qxb6 17. O-O-O Nd7 18. Kb1 Nc5 19. Nxc5 Qxc5 20. h4 b5 21. g5 hxg5 22. hxg5 Rxh1 23. Rxh1 Bxg5 24. Bf5 Rd8 25. Be6 Bf6 26. Rh8+ Ke7 27. Rxd8 Kxd8 28. Bxf7 b4 29. Be6 a5 30. a3 bxa3 31. Qxa3 Qxa3 32. bxa3 Kc7 33. Ka2 Kb6 34. Kb3 e4 35. Bf5 Bd4 36. Bxe4 Bxf2 37. Kc4 Bc5 38. Bg6 Bxa3 39. Kb3 Bc5 40. Kc4 Ka6 41. Kb3 Kb6 42. Kc4 a4 43. Kc3 a3 44. Kb3 Kc7 0-1


[Site "https://www.chess.com"]

[Event "Titled Tuesday Blitz October 31 Late 2023"]
[White "Kamsky, Gata"]
[Black "Manukyan, Sargis A."]
[WhiteFideId "2000024"]
[BlackFideId "13303970"]
[WhiteElo "2831"]
[BlackElo "2633"]
[Result "1/2-1/2"]
[Round "6"]
[TimeControl "180+1"]
[Date "2023.10.31"]
[WhiteClock "0:00:39"]
[BlackClock "0:00:04"]
[Board "29"]

1. d4 d5 2. Bf4 Nf6 3. e3 c5 4. c3 Nc6 5. Nd2 e6 6. Ngf3 Nh5 7. Bg5 f6 8. Bh4 Bd6 9. Bd3 cxd4 10. cxd4 g6 11. a3 O-O 12. O-O Bd7 13. Rc1 Rc8 14. Re1 Ng7 15. Bg3 Qe7 16. Bxd6 Qxd6 17. e4 Rfe8 18. b4 Qf8 19. Qb3 Ne7 20. e5 h5 21. exf6 Qxf6 22. Ne5 Rcd8 23. Nxd7 Rxd7 24. Bb5 Nc6 25. Rxc6 bxc6 26. Bxc6 Rf8 27. Nf3 Rc7 28. b5 g5 29. Qb2 Nf5 30. Ne5 Nh4 31. Nd7 Qf4 32. Nxf8 Qg4 33. g3 Nf3+ 34. Kf1 Nxe1 35. Kxe1 Kxf8 36. Qb4+ Kg8 37. Qd2 Rf7 38. Qe3 Qf5 39. Kf1 Qb1+ 40. Kg2 g4 41. Qg5+ Kf8 42. Qd8+ Kg7 43. Qg5+ Kf8 44. Qd8+ Kg7 45. Qg5+ Kf8 1/2-1/2


[Site "https://www.chess.com"]

[Event "Titled Tuesday Blitz October 31 Late 2023"]
[White "Bjelobrk, Igor"]
[Black "Zakhartsov, Vladimir"]
[WhiteFideId "4300726"]
[BlackFideId "4145097"]
[WhiteElo "2628"]
[BlackElo "2824"]
[Result "0-1"]
[Round "6"]
[TimeControl "180+1"]
[Date "2023.10.31"]
[WhiteClock "0:00:09"]
[BlackClock "0:00:04"]
[Board "30"]

1. d4 Nf6 2. c4 e6 3. g3 c5 4. d5 exd5 5. cxd5 b5 6. e4 Nxe4 7. Bg2 Nd6 8. Nf3 Be7 9. O-O O-O 10. Bf4 Bb7 11. Re1 Nf5 12. Qd3 g6 13. d6 Bf6 14. Qxb5 Bc6 15. Qb3 Qb6 16. Nc3 Na6 17. Nd5 Bxd5 18. Qxd5 Nb4 19. Qd2 Rae8 20. Ne5 Rd8 21. a3 Nc6 22. Bxc6 dxc6 23. d7 Nd4 24. Qd3 Qb5 25. Rad1 Qxd3 26. Rxd3 Bxe5 27. Rxe5 Rxd7 28. Kf1 c4 29. Rc3 Ne6 30. Bh6 Rb8 31. Rxc4 c5 32. b4 cxb4 33. axb4 Rdb7 34. b5 Ng7 35. g4 f6 36. Rd5 Ne6 37. Rc6 Kf7 38. Rdd6 Re7 39. b6 Rxb6 40. Rxb6 axb6 41. Rxb6 g5 42. Rb8 Re8 43. Rxe8 Kxe8 44. h4 Kf7 45. h5 Nf4 46. f3 Nd5 47. Kf2 Nf4 48. Kg3 Ne2+ 49. Kf2 Nf4 50. Kg3 Nd5 51. Kf2 Ne7 52. Kg3 Ng8 53. Bxg5 fxg5 54. f4 Kf6 55. Kf3 Nh6 0-1


[Site "https://www.chess.com"]

[Event "Titled Tuesday Blitz October 31 Late 2023"]
[White "Yelisieiev, Yevhenii"]
[Black "Javakhadze, Zurab"]
[WhiteFideId "14139642"]
[BlackFideId "13603647"]
[WhiteElo "2624"]
[BlackElo "2780"]
[Result "0-1"]
[Round "6"]
[TimeControl "180+1"]
[Date "2023.10.31"]
[WhiteClock "0:00:08"]
[BlackClock "0:00:07"]
[Board "31"]

1. d4 Nf6 2. Nf3 e6 3. c4 b6 4. a3 Bb7 5. Nc3 d5 6. Bg5 Be7 7. e3 Nbd7 8. Qc2 O-O 9. cxd5 exd5 10. Bd3 h6 11. Bf4 a6 12. h3 c5 13. O-O c4 14. Bf5 b5 15. Ne5 Nb6 16. Qe2 Nc8 17. Rad1 Nd6 18. Bb1 a5 19. Qc2 b4 20. Na4 Rc8 21. Nc5 Ba8 22. Ng4 Nfe4 23. Nxe4 dxe4 24. Qe2 Bd5 25. Nxh6+ gxh6 26. Bxh6 f5 27. Bxf8 Qxf8 28. f4 c3 29. axb4 axb4 30. bxc3 bxc3 31. Ba2 Bxa2 32. Qxa2+ Qf7 33. Qa7 Bf8 34. Qa5 c2 35. Rc1 Qb3 36. Kh1 Qxe3 37. Qd5+ Kg7 38. Qe5+ Kf7 39. Qd5+ Ke7 40. Qe5+ Kd7 41. d5 Qc3 42. Qe6+ Kd8 43. Qg8 Qf6 44. Rf2 Qg7 45. Qe6 Qd4 46. Rff1 Rc7 47. Kh2 e3 48. Rfe1 Ne4 49. Qxf5 Bd6 50. Qg6 Bxf4+ 51. g3 Bxg3+ 52. Kg2 Qd2+ 53. Kf3 Qf2+ 54. Kxe4 Re7+ 55. Kd3 Qd2+ 56. Kc4 Rc7+ 57. Kb5 Rb7+ 58. Kc6 Rc7+ 59. Kb5 Qxd5+ 60. Kb4 Qc4+ 61. Ka3 Ra7+ 62. Kb2 Ra2# 0-1


[Site "https://www.chess.com"]

[Event "Titled Tuesday Blitz October 31 Late 2023"]
[White "Bashirli, Nail"]
[Black "Fiorito, Francisco"]
[WhiteFideId "13406809"]
[BlackFideId "180165"]
[WhiteElo "2768"]
[BlackElo "2616"]
[Result "1-0"]
[Round "6"]
[TimeControl "180+1"]
[Date "2023.10.31"]
[WhiteClock "0:00:07"]
[BlackClock "0:00:04"]
[Board "32"]

1. e4 c5 2. Nf3 Nc6 3. Nc3 g6 4. Bc4 Bg7 5. h4 h6 6. d3 e6 7. Be3 d6 8. Qd2 Nge7 9. Bb3 Nd4 10. Bxd4 cxd4 11. Ne2 Nc6 12. h5 g5 13. c3 dxc3 14. Nxc3 O-O 15. O-O-O b5 16. Kb1 a5 17. a4 bxa4 18. Bxa4 Nb4 19. d4 Ba6 20. Qe3 Rb8 21. Rd2 Bc4 22. e5 Nd5 23. Nxd5 Bxd5 24. Bc2 Qb6 25. Be4 Bxe4+ 26. Qxe4 Rfc8 27. Rc1 a4 28. Rxc8+ Rxc8 29. Rc2 Rb8 30. exd6 Qxd6 31. Ne5 a3 32. Nc6 Rb3 33. Ka2 Rxb2+ 34. Rxb2 axb2 35. Kxb2 f5 36. Qc2 Bxd4+ 37. Kb3 Bg7 38. Qc4 Kh7 39. f3 e5 40. Nb4 Qe7 41. Nd5 Qb7+ 42. Kc2 Qd7 43. Qd3 Qe6 44. Nc3 Qf7 45. g4 e4 46. fxe4 fxg4 47. e5+ Kg8 48. Qd8+ Bf8 49. Nd5 g3 50. Nf6+ Kh8 51. Qd3 g2 52. Qd4 Qc7+ 53. Kd2 Bc5 54. Qd5 Qc8 55. Qxg2 Qd8+ 56. Ke2 Bd4 57. Qe4 Qb6 58. Qh7# 1-0


[Site "https://www.chess.com"]

[Event "Titled Tuesday Blitz October 31 Late 2023"]
[White "Sivakumar, Shaaketh"]
[Black "Rastbod, Ali"]
[WhiteFideId "30940176"]
[BlackFideId "12567477"]
[WhiteElo "2602"]
[BlackElo "2752"]
[Result "1-0"]
[Round "6"]
[TimeControl "180+1"]
[Date "2023.10.31"]
[WhiteClock "0:00:42"]
[BlackClock "0:00:00"]
[Board "33"]

1. e4 d6 2. d4 Nf6 3. Nc3 g6 4. h3 Bg7 5. Be3 O-O 6. Qd2 c6 7. g4 b5 8. Bg2 b4 9. Nce2 Qa5 10. g5 Nh5 11. Nf3 Nd7 12. O-O Nb6 13. a3 c5 14. axb4 Qxb4 15. c3 Qb5 16. Qc2 a5 17. Nd2 Bb7 18. d5 e6 19. Bf3 exd5 20. exd5 Bxd5 21. Bxh5 gxh5 22. Nf4 Bb7 23. Nxh5 Nd5 24. Ne4 Qd7 25. Kh2 Bc8 26. Rh1 Qxh3+ 27. Kg1 Qg4+ 28. Neg3 f5 29. gxf6 Nxe3 30. fxe3 Bxf6 31. Nxf6+ Rxf6 32. Qxh7+ Kf8 33. Qh8+ Ke7 34. Rh7+ Ke6 35. Qe8+ Kd5 36. Rh5+ Kc4 37. Ra4+ Kd3 38. Rxg4 Bxg4 39. Qxa8 Bxh5 40. Qe4+ Kd2 41. Nxh5 Kc1 42. Nxf6 1-0


[Site "https://www.chess.com"]

[Event "Titled Tuesday Blitz October 31 Late 2023"]
[White "DopplerCharlotteDeWitte"]
[Black "Chan, Luis"]
[BlackFideId "3216357"]
[WhiteElo "2745"]
[BlackElo "2576"]
[Result "1-0"]
[Round "6"]
[TimeControl "180+1"]
[Date "2023.10.31"]
[WhiteClock "0:00:10"]
[BlackClock "0:00:02"]
[Board "34"]

1. e4 e6 2. d4 d5 3. Nc3 Bb4 4. Ne2 dxe4 5. a3 Be7 6. Nxe4 Nf6 7. N2g3 b6 8. Bb5+ Bd7 9. Bd3 Bc6 10. c3 Nbd7 11. O-O Nxe4 12. Nxe4 Nf6 13. Nxf6+ Bxf6 14. Qg4 O-O 15. Bf4 Re8 16. Rad1 Bb7 17. Rfe1 Qe7 18. h4 Kh8 19. Re3 Rad8 20. h5 h6 21. Bb5 c6 22. Ba4 b5 23. Bc2 c5 24. dxc5 Qxc5 25. Red3 Rxd3 26. Bxd3 a6 27. Bf1 Rd8 28. Be3 Qc7 29. a4 bxa4 30. Rxd8+ Qxd8 31. Qxa4 Qd6 32. Qe8+ Kh7 33. Qxf7 Be4 34. Qa7 Qd5 35. Qxa6 Qxh5 36. Qc4 Bd5 37. Qd3+ Kg8 38. c4 Bc6 39. b4 Be5 40. f4 Bf6 41. b5 Be8 42. c5 Bh4 43. Be2 Qf7 44. c6 Bg3 45. Qd8 e5 46. c7 exf4 47. c8=Q fxe3 48. Qxe8+ 1-0


[Site "https://www.chess.com"]

[Event "Titled Tuesday Blitz October 31 Late 2023"]
[White "maksimys18"]
[Black "Koellner, Ruben Gideon"]
[BlackFideId "12993093"]
[WhiteElo "2524"]
[BlackElo "2742"]
[Result "1-0"]
[Round "6"]
[TimeControl "180+1"]
[Date "2023.10.31"]
[WhiteClock "0:00:10"]
[BlackClock "0:00:17"]
[Board "35"]

1. d4 d6 2. Nf3 Nf6 3. c4 g6 4. Nc3 Bf5 5. Bg5 Ne4 6. Bh4 Nxc3 7. bxc3 Bg7 8. Nd2 O-O 9. e4 Bd7 10. Bd3 c5 11. Nf3 Nc6 12. Be2 Qa5 13. O-O Qxc3 14. Rc1 Qb4 15. d5 Nd4 16. Bxe7 Ba4 17. Qe1 Rfe8 18. Nxd4 Rxe7 19. Qxb4 cxb4 20. Nc2 Rxe4 21. Bd3 Bxc2 22. Rxc2 Rd4 23. Be2 Rc8 24. Rb1 a5 25. a3 bxa3 26. Rxb7 Rxd5 27. Ra2 Re5 28. f4 Re3 29. Kf2 Rce8 30. Bf3 Bd4 31. Kg3 R8e7 32. Rb8+ Kg7 33. Ra8 Ra7 34. Rd8 Bc5 35. f5 g5 36. h4 h6 37. hxg5 hxg5 38. Kg4 Kf6 39. Rh8 Rae7 40. Rh6+ Kg7 41. Kxg5 R7e5 42. Rh4 Rc3 43. Rg4 Rb3 44. Kf4+ Kf6 45. Rg8 Rxf5+ 46. Kg4 Rb2 47. Ra1 Be3 48. Be4 Rg5+ 49. Rxg5 Bxg5 50. Rxa3 Bd2 51. Rf3+ Ke7 52. Bd5 f6 53. Rf2 Bc3 54. Rf3 Be5 55. Rh3 Ra2 56. Rh7+ Kd8 57. Kf5 a4 58. Ke6 a3 59. c5 dxc5 60. Bxa2 Bd4 61. Kd5 Ke8 62. g4 Kf8 63. Ke6 Bb2 64. Rc7 Be5 65. Rxc5 Bb2 66. Rc7 Kg8 67. Rd7 Kf8 68. Kf5 Ke8 69. Rb7 Kd8 70. Rxb2 axb2 71. Kxf6 Ke8 72. Kg7 Ke7 73. g5 Kd6 74. g6 Kc5 75. Kh7 Kb4 76. g7 Ka3 77. g8=Q b1=Q+ 78. Bxb1 Kb2 79. Qb8+ Kc1 80. Kg6 Kd2 81. Kf5 Kc1 82. Ke4 Kd2 83. Qb2+ Kd1 84. Ke3 Ke1 85. Qe2# 1-0


[Site "https://www.chess.com"]

[Event "Titled Tuesday Blitz October 31 Late 2023"]
[White "Schnaider, Ilan"]
[Black "Figorito, Nick"]
[WhiteFideId "169013"]
[BlackFideId "30923689"]
[WhiteElo "2737"]
[BlackElo "2453"]
[Result "1-0"]
[Round "6"]
[TimeControl "180+1"]
[Date "2023.10.31"]
[WhiteClock "0:00:25"]
[BlackClock "0:00:00"]
[Board "36"]

1. e4 e6 2. d4 d5 3. Nd2 Nf6 4. e5 Nfd7 5. Bd3 c5 6. c3 Nc6 7. Ne2 cxd4 8. cxd4 f6 9. exf6 Nxf6 10. Nf3 Bd6 11. O-O Qc7 12. Bg5 O-O 13. Bh4 Nh5 14. Qc2 h6 15. Bh7+ Kh8 16. Bg6 Rxf3 17. gxf3 Nf4 18. Nxf4 Bxf4 19. Bg3 Bd7 20. Kg2 Rf8 21. Rae1 Qb6 22. Qc5 Qd8 23. Bb1 Qf6 24. Qc2 g6 25. Qxg6 Qxg6 26. Bxg6 Nxd4 27. Bd3 Bg5 28. Bd6 Rf7 29. Bg6 Rxf3 30. Be5+ Bf6 31. Bxd4 Rf4 32. Bxf6+ Rxf6 33. Bd3 Kg7 34. f3 Kf7 35. Kf2 Rf4 36. Ke3 Rh4 37. Rg1 Rxh2 38. Rh1 Rxb2 39. Rxh6 Rxa2 40. Rg1 Ke7 41. f4 Kd6 42. f5 Ke5 43. fxe6 d4+ 44. Kf3 Bc6+ 45. Kg3 Ra3 46. Re1+ 1-0


[Site "https://www.chess.com"]

[Event "Titled Tuesday Blitz October 31 Late 2023"]
[White "Vasquez Schroeder, Rodrigo"]
[Black "Makaraci, Tunahan"]
[WhiteFideId "3400042"]
[BlackFideId "6356559"]
[WhiteElo "2873"]
[BlackElo "2453"]
[Result "1-0"]
[Round "6"]
[TimeControl "180+1"]
[Date "2023.10.31"]
[WhiteClock "0:01:12"]
[BlackClock "0:00:21"]
[Board "37"]

1. e4 Nf6 2. e5 Nd5 3. d4 d6 4. Nf3 Nb6 5. a4 a5 6. Bb5+ c6 7. Be2 g6 8. O-O Bg7 9. exd6 Qxd6 10. c4 Qd8 11. Be3 O-O 12. Qb3 Na6 13. h3 Nb4 14. Na3 Qc7 15. Nc2 Nxc2 16. Qxc2 Bf5 17. Qb3 Nd7 18. Rfd1 e5 19. d5 c5 20. g4 Be4 21. Ng5 f5 22. Ne6 Qd6 23. Nxg7 Kxg7 24. f3 f4 25. Bf2 Bf5 26. gxf5 gxf5 27. Kh2 Nf6 28. Rg1+ Kh8 29. Be1 Rae8 30. Bxa5 Nh5 31. Bc3 Ng3 32. Rae1 Rf6 33. Rxg3 fxg3+ 34. Kg2 f4 35. Bd3 Rh6 36. Rh1 Kg8 37. Qc2 b6 38. Bf5 Rf6 39. Qe4 Rxf5 40. Qxf5 Kg7 41. Qxf4 1-0


[Site "https://www.chess.com"]

[Event "Titled Tuesday Blitz October 31 Late 2023"]
[White "Skatchkov, Valery"]
[Black "Troff, Kayden"]
[WhiteFideId "24195812"]
[BlackFideId "2047896"]
[WhiteElo "2591"]
[BlackElo "2778"]
[Result "0-1"]
[Round "6"]
[TimeControl "180+1"]
[Date "2023.10.31"]
[WhiteClock "0:01:02"]
[BlackClock "0:00:13"]
[Board "38"]

1. d4 Nf6 2. c4 g6 3. Nc3 d5 4. Nf3 Bg7 5. Bg5 Ne4 6. Bf4 Nxc3 7. bxc3 O-O 8. e3 c5 9. cxd5 Qxd5 10. Be2 cxd4 11. cxd4 Nc6 12. O-O Bf5 13. Qa4 Qa5 14. Qxa5 Nxa5 15. Rfc1 Rac8 16. Ne5 g5 17. Bg3 Bc2 18. Bg4 f5 19. Bf3 e6 20. Nd7 Rfd8 21. Nc5 Rxc5 22. dxc5 Rd2 23. Bc7 Nc6 24. Rab1 Bxb1 25. Rxb1 g4 26. Bd1 Kf7 27. Bb3 Bf8 28. Rc1 Rd7 29. Bf4 Kf6 30. h4 e5 31. Bg3 Bh6 32. Rc4 Na5 33. Ra4 Nxb3 34. axb3 a6 35. Rb4 Rc7 36. Rb6+ Rc6 37. Rxb7 f4 38. exf4 exf4 39. Rxh7 Kf5 40. Bh2 Rxc5 41. Kh1 Kg6 42. Rb7 g3 43. Bg1 Rc1 44. fxg3 fxg3 45. Re7 Bf8 46. Re6+ Kf7 47. Re5 Kf6 48. Ra5 Kf7 49. Rf5+ Kg8 50. Rg5+ Kf7 51. Rf5+ Ke8 52. Re5+ Kd7 53. Rf5 Bd6 54. h5 Ke6 55. Rg5 Bf4 56. Rg4 Kf5 57. Rg8 Be3 58. Rxg3 Rxg1+ 59. Kh2 Bf4 60. Kxg1 Bxg3 61. Kf1 Kg5 62. Ke2 Kxh5 63. Kd3 Bd6 64. Kc4 a5 65. Kd3 Kg4 66. Ke2 Kg3 67. Kf1 Bc5 0-1


[Site "https://www.chess.com"]

[Event "Titled Tuesday Blitz October 31 Late 2023"]
[White "Ezat, Mohamed"]
[Black "Alex_Sahakyan2006"]
[WhiteFideId "10600906"]
[WhiteElo "2590"]
[BlackElo "2741"]
[Result "0-1"]
[Round "6"]
[TimeControl "180+1"]
[Date "2023.10.31"]
[WhiteClock "0:00:50"]
[BlackClock "0:00:06"]
[Board "39"]

1. d4 Nf6 2. c4 c5 3. d5 b5 4. cxb5 a6 5. Nc3 axb5 6. e4 b4 7. Nb5 d6 8. Bf4 g5 9. Bxg5 Nxe4 10. Bf4 Qa5 11. Bd3 Bg7 12. Qe2 Ba6 13. Nf3 b3+ 14. Nd2 O-O 15. O-O Nxd2 16. Bxd2 Qd8 17. axb3 Nd7 18. Bc3 Bxb5 19. Qg4 Ne5 20. Bxe5 dxe5 21. Bxb5 Rxa1 22. Rxa1 Qxd5 23. Bc4 Qd4 24. Qe2 Rd8 25. h3 e6 26. Ra7 e4 27. Qh5 Qd1+ 28. Kh2 Qxh5 29. g3 Qf3 30. Bf1 Qxf2+ 31. Bg2 Rd2 32. Ra8+ Bf8 33. h4 Qxg2# 0-1


[Site "https://www.chess.com"]

[Event "Titled Tuesday Blitz October 31 Late 2023"]
[White "Djokic, Mihailo"]
[Black "Kashefi, Amir Hosein"]
[WhiteFideId "976440"]
[BlackFideId "12557935"]
[WhiteElo "2732"]
[BlackElo "2589"]
[Result "1/2-1/2"]
[Round "6"]
[TimeControl "180+1"]
[Date "2023.10.31"]
[WhiteClock "0:00:25"]
[BlackClock "0:00:05"]
[Board "40"]

1. e4 c6 2. d4 d5 3. e5 Bf5 4. h4 h5 5. Bg5 Qb6 6. Bd3 Bxd3 7. Qxd3 e6 8. Nd2 Qa6 9. c4 Bb4 10. b3 Ne7 11. Ne2 Nd7 12. O-O Nf5 13. Ng3 g6 14. Nxf5 gxf5 15. Nf3 Be7 16. Qc3 Bxg5 17. Nxg5 Nf8 18. cxd5 cxd5 19. Qc7 Nd7 20. Rac1 Qb6 21. Nxf7 Qxc7 22. Rxc7 Kxf7 23. Rxd7+ Kg6 24. Rxb7 Rhc8 25. Re7 Rc6 26. Rd1 f4 27. Rd2 a5 28. Kh2 a4 29. g3 axb3 30. axb3 Ra3 31. Rd3 fxg3+ 32. Rxg3+ Kf5 33. Re3 Ra2 34. Rf7+ Kg6 35. Rf6+ Kh7 36. Ref3 Rd2 37. R6f4 Rb6 38. Kg3 Rb4 39. Rf7+ Kg8 40. Rf8+ Kg7 41. R3f7+ Kg6 42. Rf6+ Kg7 43. Rc8 Rd3+ 44. f3 Rbxd4 45. Rc7+ Kg8 46. Rxe6 Rg4+ 47. Kf2 Rf4 48. Re8+ Rf8 49. Rxf8+ Kxf8 50. Rh7 Rxb3 51. Rxh5 Kf7 52. Rh6 d4 53. Rd6 Re3 54. f4 Rd3 55. h5 Ke7 56. h6 Kf7 57. Kg2 Kg8 58. Rd7 Kh8 59. Kf2 Kg8 60. f5 Re3 61. e6 Re5 62. Rf7 d3 63. h7+ Kh8 64. e7 d2 65. e8=Q+ Rxe8 66. Rd7 Rf8 67. Ke3 Rxf5 68. Ke4 Rh5 69. Rxd2 Rxh7 70. Kf5 Rf7+ 71. Kg6 Kg8 72. Rd8+ Rf8 73. Rd7 Ra8 74. Rd6 Kh8 75. Kf6 Kg8 76. Rd5 Kh8 77. Kf7 Ra7+ 78. Ke8 Ra8+ 79. Kd7 Ra7+ 80. Ke6 Ra8 81. Rg5 Kh7 82. Rg2 Kh6 83. Kf7 Ra7+ 84. Ke6 Ra6+ 85. Kd7 Ra7+ 86. Kc6 Rg7 87. Rh2+ Kg6 88. Kd5 Kf7 89. Kd6 Kf6 90. Rf2+ Kg6 91. Ke6 Ra7 92. Rg2+ Kh7 93. Kf6 Kh8 94. Rh2+ Kg8 95. Rb2 Ra6+ 96. Ke7 Ra7+ 97. Ke6 Rg7 98. Kf6 Rf7+ 99. Kg6 Rg7+ 100. Kh6 Rh7+ 101. Kg5 Rg7+ 102. Kf4 Rf7+ 103. Ke5 Re7+ 104. Kd6 Re3 105. Rb4 Kf7 106. Kd5 Ke7 107. Rf4 Re6 108. Rh4 Rd6+ 109. Ke5 Ra6 110. Rh7+ Kf8 111. Rb7 Ke8 112. Rb5 Rh6 113. Kd4 Kd7 114. Re5 Kc6 115. Ke4 Rf6 116. Rg5 Kd6 117. Rf5 Rg6 118. Kf4 Re6 119. Ra5 Ke7 1/2-1/2


[Site "https://www.chess.com"]

[Event "Titled Tuesday Blitz October 31 Late 2023"]
[White "balachess2006"]
[Black "Maximov, Dmitry"]
[BlackFideId "14105659"]
[WhiteElo "2587"]
[BlackElo "2729"]
[Result "0-1"]
[Round "6"]
[TimeControl "180+1"]
[Date "2023.10.31"]
[WhiteClock "0:01:04"]
[BlackClock "0:01:03"]
[Board "41"]

1. Nf3 Nf6 2. c4 g6 3. d4 Bg7 4. g3 O-O 5. Bg2 d6 6. Nc3 Nbd7 7. O-O e5 8. e4 c6 9. h3 a5 10. Re1 Re8 11. Be3 a4 12. Qc2 Qa5 13. dxe5 dxe5 14. a3 Bf8 15. Rad1 Nc5 16. Kh2 Qa6 17. Na2 Ncxe4 18. Ng5 Nxg5 19. Bxg5 Bf5 20. Qe2 Nd7 21. Nb4 Qa5 22. f4 exf4 23. Qxe8 fxg3+ 24. Kh1 Rxe8 25. Rxe8 Kg7 26. Be3 Bc5 27. Bf4 Bxb4 28. axb4 Qxb4 29. Be3 Qxc4 30. Bd4+ Nf6 31. Rd8 Qe2 32. Rf1 Be4 33. Bxf6+ Kh6 34. Rg1 Bxg2+ 35. Rxg2 Qf1+ 36. Rg1 Qxh3# 0-1


[Site "https://www.chess.com"]

[Event "Titled Tuesday Blitz October 31 Late 2023"]
[White "Kochiev, Ivan"]
[Black "Erenberg, Ariel"]
[WhiteFideId "2917890"]
[BlackFideId "2811634"]
[WhiteElo "2582"]
[BlackElo "2715"]
[Result "0-1"]
[Round "6"]
[TimeControl "180+1"]
[Date "2023.10.31"]
[WhiteClock "0:00:00"]
[BlackClock "0:01:13"]
[Board "42"]

1. e4 c6 2. d4 d5 3. Nc3 dxe4 4. Nxe4 Nf6 5. Nxf6+ exf6 6. c3 Bd6 7. Bd3 O-O 8. Ne2 Re8 9. O-O Nd7 10. Ng3 Nf8 11. f4 b5 12. f5 g6 13. fxg6 hxg6 14. Qf3 f5 15. Qxc6 Rb8 16. Bh6 Bb7 17. Qxb5 Bxg2 18. Kxg2 Rxb5 19. Bxb5 Re7 20. Bc4 Ne6 21. Rae1 Qe8 22. Kg1 Ng7 23. Rd1 Qb8 24. Kg2 Bxg3 25. hxg3 Nh5 26. Bf4 Qxb2+ 27. Rd2 Nxf4+ 0-1


[Site "https://www.chess.com"]

[Event "Titled Tuesday Blitz October 31 Late 2023"]
[White "Rohan, Ahuja"]
[Black "Sanchez Alvares, Kelvin Antonio"]
[WhiteFideId "5090598"]
[BlackFideId "3906680"]
[WhiteElo "2714"]
[BlackElo "2581"]
[Result "1/2-1/2"]
[Round "6"]
[TimeControl "180+1"]
[Date "2023.10.31"]
[WhiteClock "0:00:08"]
[BlackClock "0:00:08"]
[Board "43"]

1. Nf3 b6 2. g3 Bb7 3. Bg2 c5 4. c4 Nf6 5. Nc3 e6 6. d4 cxd4 7. Qxd4 d6 8. O-O a6 9. Bg5 Nbd7 10. Qd2 Rc8 11. b3 Qc7 12. Bf4 Be7 13. Rfd1 Bxf3 14. Bxf3 Ne5 15. Bg2 b5 16. cxb5 Qxc3 17. Qxc3 Rxc3 18. bxa6 Nd5 19. Bxe5 dxe5 20. Bxd5 exd5 21. Rxd5 O-O 22. Rxe5 Bf6 23. Rb5 Rc6 24. Rd1 Rxa6 25. a4 h6 26. e3 Rc8 27. Rd2 Rc1+ 28. Kg2 Rb1 29. Rc2 Ra1 30. h4 g6 31. h5 Kg7 32. hxg6 Kxg6 33. Kf3 h5 34. Kg2 Be7 35. Kh2 Rd1 36. Kg2 Bd8 37. Rbc5 Be7 38. Rc6+ Rd6 39. Rxa6 Rxa6 40. Rb2 Bb4 41. Kf3 Rc6 42. Ke4 Kg5 43. Kf3 f5 44. Ra2 Ba5 45. Rb2 Rb6 46. Ke2 Bc3 47. Rb1 Bb4 48. Rb2 Rc6 49. Ra2 Ba5 50. Rb2 Rb6 51. Rb1 Kf6 52. Rb2 Ke5 53. Kd3 Kd5 54. Ke2 Kc5 55. Kf3 Rb4 56. Rc2+ Kd6 57. Rd2+ Ke5 58. Rd3 Rb6 59. Rd7 Rxb3 60. Rh7 Kf6 61. Rxh5 Kg6 62. Rh8 Rb4 63. Ra8 Rxa4 64. Ra6+ Kg7 65. Ra7+ Kg6 66. Ra8 Ra3 67. Ra6+ Kg5 68. Ra7 Bb4 69. Rb7 Bc3 70. Rb1 Ra2 71. Rf1 Bb4 72. Rh1 Bc5 73. Rb1 Ba7 74. Rh1 Bc5 75. Rd1 Bb4 76. Rc1 Bd2 77. Rd1 Rb2 78. Rf1 Bc3 79. Rh1 Bb4 80. Rf1 Bc5 81. Rh1 Bb6 82. Rf1 Rb3 83. Rh1 Rb2 84. Rf1 Rb3 85. Rh1 Rb2 1/2-1/2


[Site "https://www.chess.com"]

[Event "Titled Tuesday Blitz October 31 Late 2023"]
[White "Shapiro, Viktor"]
[Black "Hamitevici, Vladimir"]
[WhiteFideId "4175700"]
[BlackFideId "13902393"]
[WhiteElo "2574"]
[BlackElo "2713"]
[Result "0-1"]
[Round "6"]
[TimeControl "180+1"]
[Date "2023.10.31"]
[WhiteClock "0:00:09"]
[BlackClock "0:00:08"]
[Board "44"]

1. c4 d6 2. Nc3 e5 3. d3 f5 4. g3 Nf6 5. Bg2 Be7 6. Nf3 O-O 7. Rb1 h6 8. b4 a6 9. a4 Qe8 10. O-O Be6 11. b5 a5 12. c5 Nbd7 13. cxd6 cxd6 14. Ba3 d5 15. Bxe7 Qxe7 16. e4 fxe4 17. dxe4 d4 18. Ne2 Bc4 19. Nh4 Qa3 20. Nf5 Nb6 21. f4 d3 22. Nc1 Rad8 23. fxe5 Qc5+ 24. Kh1 Qxe5 25. Nb3 d2 26. Rf4 Qc3 27. e5 Nfd5 28. Qg4 Rxf5 29. Rxf5 Bxb3 30. e6 Re8 31. Rf7 d1=Q+ 32. Rxd1 Bxd1 33. Qxd1 Ne3 34. Qf3 Qa1+ 35. Bf1 Qxf1+ 36. Qxf1 Nxf1 37. Rxf1 Rxe6 38. Rc1 Nxa4 39. Rc8+ Kh7 40. Rc7 Rb6 41. Rc4 Nb2 42. Rc5 a4 43. Rc3 Rxb5 0-1


[Site "https://www.chess.com"]

[Event "Titled Tuesday Blitz October 31 Late 2023"]
[White "Przybylski, Wojciech"]
[Black "Burke, Carol Ann"]
[WhiteFideId "1117599"]
[BlackFideId "11104643"]
[WhiteElo "2569"]
[BlackElo "2707"]
[Result "1-0"]
[Round "6"]
[TimeControl "180+1"]
[Date "2023.10.31"]
[WhiteClock "0:00:05"]
[BlackClock "0:00:01"]
[Board "45"]

1. e4 c5 2. Nf3 e6 3. d4 cxd4 4. Nxd4 a6 5. Bd3 Bc5 6. Ne2 Nc6 7. O-O Nf6 8. Nd2 Qc7 9. Nf3 b5 10. a3 Ng4 11. h3 Nge5 12. Nxe5 Nxe5 13. Bf4 O-O 14. Kh1 d6 15. Bg3 Rb8 16. c3 a5 17. Bc2 b4 18. axb4 axb4 19. Rc1 Ba6 20. cxb4 Rxb4 21. b3 Qb6 22. Qd2 Nc6 23. Rfd1 Bxe2 24. Qxe2 Nd4 25. Qd2 Rd8 26. e5 d5 27. Bb1 g6 28. Qg5 Re8 29. Rc3 Be7 30. Qh6 Rxb3 31. Rxb3 Qxb3 32. Rf1 Nf5 33. Bxf5 exf5 34. Qd2 Rd8 35. Rd1 d4 36. Kh2 Qd5 37. Qd3 Qxe5 38. Bxe5 1-0


[Site "https://www.chess.com"]